 Dungeon Crawl Stone Soup version 0.20.1-1-g8b1a95d (webtiles) character file.

308062 schauveau the Executioner (level 20, -11/180 HPs)
             Began as a Minotaur Berserker on Dec 5, 2017.
             Was the Champion of Trog.
             Mangled by a deep elf sorcerer
             ... wielding the +10 great sword of Painful Death {speed, rElec Stlth+}
              (12 damage)
             ... on level 3 of the Elven Halls.
             The game lasted 02:19:50 (51158 turns).

schauveau the Executioner (Minotaur Berserker)     Turns: 51158, Time: 02:19:52

Health: -11/180    AC: 39    Str: 32      XL:     20   Next: 68%
Magic:  19/19      EV: 13    Int:  1 (4)  God:    Trog [******]
Gold:   2176       SH:  0    Dex: 12      Spells: 19/19 levels left

rFire    . . .     SeeInvis .   a - +8 battleaxe of Fycainae {chop, rElec rN+}
rCold    . . .     Gourm    .   (shield currently unavailable)
rNeg     + . .     Faith    +   p - +4 crystal plate armour
rPois    .         Spirit   .   (helmet restricted)
rElec    +         Reflect  .   O - +2 cloak
rCorr    .         Harm     .   r - +2 pair of gloves {Str+3}
MR       +....                  M - +2 pair of boots
Stlth    ..........             v - amulet of faith
Regen    0.0/turn               V - +5 ring of protection
MPRegen  0.2/turn               C - +2 ring of evasion

@: corroded, non-regenerating, mildly diseased, slowed, lost intelligence, very
slow
A: retaliatory headbutt, horns 2, blurry vision 1
}: 1/15 runes: serpentine
a: Berserk, Trog's Hand, Brothers in Arms, Burn Spellbooks, Renounce Religion


You were on level 3 of the Elven Halls.
You worshipped Trog.
Trog was exalted by your worship.
You were not hungry.

You visited 7 branches of the dungeon, and saw 33 of its levels.
You visited the Abyss 1 time.
You also visited: Ice Cave and Volcano.

You collected 3511 gold pieces.
You spent 1335 gold pieces at shops.

Inventory:

Hand Weapons
 a - the +8 battleaxe of Fycainae (weapon) {chop, rElec rN+}
   (Trog gifted it to you on level 2 of the Snake Pit)

   It inflicts extra damage upon your enemies.
   It insulates you from electricity.
   It protects you from negative energy.
 b - a +9 triple crossbow of freezing
 y - a +8 antimagic battleaxe
Missiles
 h - 27 javelins (quivered)
 Y - 1135 bolts
Armour
 p - a +4 crystal plate armour (worn)
 r - a +2 pair of gloves of strength (worn)
 M - a +2 pair of boots (worn)
 O - a +2 cloak (worn)
Jewellery
 j - an uncursed ring of flight
 m - an uncursed ring of protection from fire
 n - the amulet "Bebuw" {RegenMP rPois rF+ rC+}
   (You took it off a deep elf demonologist on level 1 of the Elven Halls)

   [amulet of magic regeneration]

   It increases your magic regeneration.
   It protects you from fire.
   It protects you from cold.
   It protects you from poison.
 v - an amulet of faith (around neck)
 B - a +3 amulet of reflection
 C - a +2 ring of evasion (right hand)
 N - an uncursed ring of protection from cold
 T - an uncursed amulet of the gourmand {unknown}
 V - a +5 ring of protection (left hand)
Wands
 f - a wand of lightning (5/15)
 g - a wand of disintegration (21/24)
 o - a wand of iceblast (7/15)
 t - a wand of digging (18/24)
 u - a wand of paralysis (9/24)
 L - a wand of disintegration (12/24)
 P - a wand of flame (24/48)
 S - a wand of acid (4/15)
Scrolls
 e - 6 scrolls of teleportation
 i - 5 scrolls of recharging
 l - 8 scrolls of remove curse
 q - 6 scrolls of magic mapping
 s - 4 scrolls of blinking
 A - 6 scrolls of identify
 D - 2 scrolls of silence
 E - 6 scrolls of summoning
 R - 3 scrolls of fog
 U - 6 scrolls of fear
Potions
 d - a potion of invisibility
 k - 3 potions of curing
 w - 6 potions of flight
 x - 4 potions of haste
 z - 2 potions of lignification {unknown}
 H - a potion of agility
 I - a potion of berserk rage
 K - 12 potions of might
 Q - 3 potions of resistance
 Z - a potion of ambrosia
Books
 G - a book of Misfortune

   Spells                             Type                      Level
   a - Confusing Touch                Hexes                        1
   b - Confuse                        Hexes                        3
   c - Gell's Gravitas                Translocation                3
   d - Petrify                        Transmutation/Earth          4
   e - Metabolic Englaciation         Hexes/Ice                    5
   f - Yara's Violent Unravelling     Hexes/Transmutation          5
   Trog disapproves of the use of such an item.
 J - a book of Minor Magic

   Spells                             Type                      Level
   a - Magic Dart                     Conjuration                  1
   b - Blink                          Translocation                2
   c - Call Imp                       Summoning                    2
   d - Slow                           Hexes                        2
   e - Conjure Flame                  Conjuration/Fire             3
   f - Mephitic Cloud                 Conjuration/Poison/Air       3
   Trog disapproves of the use of such an item.
Comestibles
 c - 10 bread rations
 F - 23 royal jellies
 W - 15 meat rations


   Skills:
 + Level 15.9 Fighting
 - Level 26.0 Axes
 + Level 21.5 Crossbows
 + Level 14.6 Armour
 - Level 10.8 Dodging


You had 19 spell levels left.
You didn't know any spells.

Dungeon Overview and Level Annotations

Branches:
Dungeon (15/15)            Temple (1/1) D:4            Lair (6/6) D:8
 Shoals (0/4) Lair:2        Snake (4/4) Lair:2        Slime (0/5) Lair:5
    Orc (2/2) D:12            Elf (3/3) Orc:2        Vaults (2/5) D:14
 Depths (0/5) D:15
  Crypt: Vaults:2-3

Altars:
Ashenzari
Elyvilon
Fedhas
Gozag
Hepliaklqana
Kikubaaqudgha
Makhleb
Ru
Sif Muna
Trog
Uskayaw
Xom
Zin
The Shining One
Beogh
Jiyva

Shops:
D:4 ?   D:11 *   D:12 *   Orc:1 !   Orc:2 :[*(   Elf:3 %(

Annotations:
Lair:5 1 runed door
Vaults:1 exclusion: orange crystal statue


Innate Abilities, Weirdness & Mutations

You reflexively headbutt those who attack you in melee.
You have a pair of horns on your head.
Scrolls take you a little longer to read.


Message History

You feel troubled.
The deep elf sorcerer hits you with a warped great sword {speed}!
* * * LOW HITPOINT WARNING * * *
The deep elf annihilator hits your cyclops with an enchanted long sword!
The deep elf death mage hits you but does no damage.
Your cyclops hits the deep elf annihilator!!!
The deep elf sorcerer barely misses you.
You cut the deep elf death mage into ribbons!!!
You kill the deep elf death mage!
Trog accepts your kill. Something appears at your feet! Trog grants you a gift!
Trog appreciates your killing of a magic user.
You slash the deep elf sorcerer!
You hear a shout!
The deep elf annihilator gestures at you while chanting.
The iron shot hits your cyclops.
Your cyclops hits the deep elf annihilator.
The deep elf sorcerer hits you with a warped great sword {speed}!
You die...

.## ##.#### ##.....## ##.## ## ##
##.# ##.......## ##.#.###. .##
##..####.........####...#)).#
#.###......+.........'....###)###
##.#....####.........#######)..##
##.##.## ##......e## ##.....#
####.# ##....C## ##....... #.#
##e.C## ##..)..... #.# ##@##
##...8...8. #.#########e#
###..........
#).........)####.....∩..#..∩
#..........).....#..........
#............##.###...8...8.
##..[)........#e##.#E.......
#..........<..E....#.......
#..........###.##..##E....#
#..............# ##E..##


You could see 2 deep elf annihilators, a deep elf sorcerer and 2 friendly
cyclopes.

Vanquished Creatures
  Mara (Snake:4)
  Bai Suzhen (Vaults:2)
  Saint Roka (Elf:3)
  Nikola (Elf:2)
  Jorgrun (Elf:2)
  Asterion (Elf:1)
  A lich (Vaults:1)
  A deep elf blademaster (Elf:3)
  A deep elf master archer (Elf:3)
  A sphinx (Vaults:2)
  3 tentacled starspawn (Abyss:3)
  5 nagarajas
  2 orc warlords
  4 deep elf sorcerers
  Aizul (Vaults:2)
  4 vault wardens
  Louise (Elf:2)
  A deep elf elementalist (Elf:3)
  6 ironheart preservers
  A ghoul (Vaults:2)
  A very ugly thing (Abyss:3)
  A stone giant (Vaults:2)
  4 deep elf demonologists
  Azrael (Elf:1)
  5 deep elf annihilators
  5 fire dragons
  5 ogre magi
  5 deep elf death magi
  4 yaktaur captains
  A great orb of eyes (Vaults:1)
  A deep elf high priest (Elf:3)
  3 vault guards
  16 naga warriors
  8 hydras
  2 rakshasas
  An ice dragon (D:15)
  A catoblepas (D:15)
  6 centaur warriors
  10 anacondas
  3 death knights
  2 deep troll shamans (Vaults:1)
  18 dancing weapons
  17 two-headed ogres
  2 tengu warriors
  9 death yaks
  2 orc high priests (Elf:1)
  A titan zombie (Abyss:3)
  A thrashing horror (Abyss:3)
  15 naga sharpshooters
  7 shock serpents
  Urug (Lair:2)
  A hell hog (Volcano)
  A fire crab (shapeshifter) (Elf:2)
  21 deep elf knights
  7 hell knights (Abyss:3)
  A shadow wraith (Vaults:2)
  A wretched star (Abyss:3)
  A sixfirhy (Abyss:3)
  2 salamander mystics
  2 sea snakes
  2 unseen horrors
  5 wizards
  An unseen horror (shapeshifter) (Elf:3)
  A skeletal warrior (Vaults:1)
  5 deep trolls (Vaults:1)
  6 naga ritualists
  2 glowing orange brains
  2 shadow demons (Elf:1)
  A flayed ghost (Vaults:2)
  Pikel (D:9)
  16 deep elf archers
  7 large abominations
  4 ironbrand convokers
  A phantasmal warrior (Vaults:2)
  2 wolf spiders
  5 necromancers
  6 orc sorcerers
  5 orc knights
  An orb spider (shapeshifter) (Vaults:2)
  2 manticores
  51 deep elf magi
  An oklob plant (Lair:5)
  8 ugly things (Vaults:2)
  A salamander (shapeshifter) (Vaults:2)
  7 cyclopes
  11 mana vipers
  16 salamanders
  Maurice (D:8)
  36 black mambas
  3 merfolk sirens (Lair:2)
  4 guardian serpents
  3 centaur zombies
  12 elephants
  2 ice statues (IceCv)
  3 vault sentinels
  2 smoke demons (Abyss:3)
  19 naga magi
  4 orange demons (D:14)
  8 spiny frogs
  18 yaktaurs
  3 rime drakes
  A tormentor (Abyss:3)
  A freezing wraith (Vaults:2)
  2 kobold demonologists (Elf:1)
  9 komodo dragons
  10 ice devils (IceCv)
  11 trolls
  4 ancient zymes (Abyss:3)
  2 red devils (D:14)
  3 meliai (D:15)
  A tengu conjurer (D:14)
  A merfolk (Lair:2)
  10 polar bears (Lair:6)
  3 hornets (Lair:6)
  A wind drake (shapeshifter) (Vaults:1)
  18 blink frogs
  Grinder (D:4)
  A hornet (shapeshifter) (D:13)
  A hydra skeleton (Abyss:3)
  12 raiju
  14 slime creatures
  5 hippogriffs
  A dream sheep (Lair:6)
  A meliai zombie (D:12)
  An air elemental (Elf:2)
  A shadow (D:15)
  10 starcursed masses
  A vampire (D:11)
  2 redbacks (Lair:6)
  A wraith (Vaults:2)
  3 ynoxinuls (Abyss:3)
  15 wyverns
  7 fire elementals
  2 neqoxecs (Abyss:3)
  53 yaks
  4 fire bats (Volcano)
  5 golden eyes (Abyss:3)
  6 water elementals
  A chaos spawn (Abyss:3)
  20 humans
  A human (shapeshifter) (Vaults:2)
  A steam dragon (Volcano)
  3 hogs (D:7)
  A hungry ghost (D:11)
  5 swamp worms (Lair:3)
  72 nagas
  A soldier ant (D:11)
  Menkaure (D:7)
  20 water moccasins
  Edmund (D:5)
  An acid dragon (D:14)
  A floating eye (shapeshifter) (Elf:3)
  10 wargs
  8 porcupines
  13 hell hounds
  40 orc warriors
  13 black bears
  3 slaves (D:9)
  18 ogres
  6 phantoms
  7 sky beasts
  A snapping turtle zombie (Abyss:3)
  7 ice beasts
  An ettin simulacrum (Abyss:3)
  26 wolves
  15 centaurs
  10 crocodiles
  2 boggarts (Elf:1)
  3 big kobolds
  An elf zombie (Elf:1)
  2 earth elementals (Elf:2)
  15 bullfrogs
  A gnoll sergeant (D:6)
  4 scorpions
  2 wyvern skeletons
  A water moccasin skeleton (D:7)
  A troll zombie (Abyss:3)
  25 killer bees
  A vampire bat (D:8)
  8 wights
  3 electric eels (Snake:1)
  3 crimson imps
  7 howler monkeys
  2 bullfrog zombies
  4 draconian simulacra (IceCv)
  4 quasits
  7 hounds
  A gnoll shaman (D:6)
  3 centaur skeletons
  An iron imp (Abyss:3)
  A jelly (D:9)
  22 orc priests
  4 bullfrog skeletons
  3 iguanas
  Terence (D:2)
  31 orc wizards
  6 worker ants
  A troll simulacrum (IceCv)
  4 centaur simulacra
  3 worker ant zombies
  9 gnolls
  A naga simulacrum (IceCv)
  17 adders
  An ogre simulacrum (IceCv)
  4 shadow imps
  2 oozes
  3 adder zombies
  3 adder skeletons
  16 worms
  A worm (shapeshifter) (Elf:3)
  8 dart slugs
  3 leopard geckos
  113 orcs
  2 giant cockroaches
  7 goblins (D:1)
  9 hobgoblins
  6 jackals
  6 quokkas
  A ball python (D:5)
  15 bats
  4 frilled lizards
  A jackal skeleton (D:4)
  25 kobolds
  A quokka skeleton (D:4)
  4 rats
  11 fungi
  23 plants
1525 creatures vanquished.

Vanquished Creatures (collateral kills)
  Frances (D:12)
  4 nagarajas (Snake:4)
  A yaktaur captain (Vaults:2)
  Fannar (D:10)
  A hydra (Lair:6)
  A naga warrior (Snake:3)
  7 naga sharpshooters
  8 death yaks
  An orc high priest (Orc:2)
  A fire crab (Volcano)
  Sonja (D:10)
  2 naga ritualists
  An orc knight (Orc:2)
  A mana viper (Snake:4)
  A salamander (Snake:4)
  4 elephants (Lair:5)
  A black mamba (Snake:3)
  4 naga magi
  A spiny frog (Lair:6)
  A komodo dragon (Lair:5)
  2 yaktaurs (Vaults:2)
  A queen bee (Lair:1)
  2 raiju (Abyss:3)
  6 yaks
  A neqoxec (Abyss:3)
  5 wargs
  6 nagas
  2 water moccasins (Lair:6)
  3 hell hounds
  An orc warrior (Orc:2)
  An ogre (Vaults:2)
  2 wolves
  2 crocodiles
  2 killer bees
  A starcursed mass (Abyss:3)
  2 orc priests
  2 gnolls (D:6)
  2 orcs (D:7)
  A goblin (Orc:2)
  2 jackals (D:7)
  A fungus (Lair:1)
  A plant (Lair:1)
91 creatures vanquished.

Vanquished Creatures (others)
  A deep elf blademaster (Elf:2)
  A deep elf knight (Elf:2)
  A yaktaur (Vaults:1)
  An efreet (Abyss:3)
  5 dream sheep (D:4)
  A water elemental (Elf:3)
  A bush (D:7)
  2 fungi
  21 plants
  10 starspawn tentacles (Abyss:3)
44 creatures vanquished.

Grand Total: 1660 creatures vanquished

Notes
Turn   | Place    | Note
-------+----------+-------------------------------------------
     0 | D:1      | schauveau the Minotaur Berserker began the quest for the Orb.
     0 | D:1      | Reached XP level 1. HP: 19/19 MP: 0/0
    55 | D:1      | Reached skill level 4 in Axes
    85 | D:1      | Reached XP level 2. HP: 27/27 MP: 1/1
   188 | D:1      | Reached XP level 3. HP: 26/33 MP: 2/2
   384 | D:1      | Reached ** piety under Trog
   556 | D:2      | Reached skill level 5 in Axes
   560 | D:2      | Reached XP level 4. HP: 38/41 MP: 3/3
   991 | D:3      | Reached skill level 5 in Fighting
  1157 | D:2      | Reached skill level 6 in Axes
  1157 | D:2      | Reached XP level 5. HP: 33/48 MP: 4/4
  1239 | D:2      | Noticed Terence
  1244 | D:2      | Killed Terence
  2293 | D:4      | Reached *** piety under Trog
  2294 | D:4      | Reached XP level 6. HP: 50/56 MP: 5/5
  2304 | D:4      | Reached skill level 7 in Axes
  2375 | D:4      | Noticed Grinder
  2391 | D:4      | Paralysed by Grinder for 5 turns
  2404 | D:4      | Killed Grinder
  2404 | D:4      | Reached skill level 8 in Axes
  2404 | D:4      | Reached XP level 7. HP: 30/63 MP: 6/6
  2458 | D:5      | Entered Level 5 of the Dungeon
  2513 | D:4      | HP: 3/64 [poisoned by an orc wizard]
  2827 | D:4      | Found a shimmering altar of Xom.
  2827 | D:4      | Noticed a dream sheep
  2827 | D:4      | Noticed a dream sheep
  2827 | D:4      | Noticed a dream sheep
  2827 | D:4      | Noticed a dream sheep
  2827 | D:4      | Noticed a dream sheep
  2833 | D:4      | Killed a dream sheep
  2833 | D:4      | Killed a dream sheep
  2833 | D:4      | Killed a dream sheep
  2833 | D:4      | Killed a dream sheep
  2833 | D:4      | Killed a dream sheep
  2974 | D:4      | Found Ofudoceps's Magic Scroll Emporium.
  2981 | D:4      | Bought a scroll of magic mapping for 35 gold pieces
  2981 | D:4      | Bought a scroll of blinking for 75 gold pieces
  2981 | D:4      | Bought a scroll of teleportation for 30 gold pieces
  2995 | D:4      | Bought a scroll of identify for 20 gold pieces
  3052 | D:4      | Found a staircase to the Ecumenical Temple.
  3074 | Temple   | Entered the Ecumenical Temple
  3184 | D:5      | Reached skill level 9 in Axes
  3234 | D:5      | Noticed Edmund
  3237 | D:5      | Reached **** piety under Trog
  3264 | D:5      | Killed Edmund
  3609 | D:5      | Found a bloodstained altar of Trog.
  3616 | D:5      | Found a glowing golden altar of the Shining One.
  3616 | D:5      | Found a white marble altar of Elyvilon.
  3616 | D:5      | Found a shimmering altar of Xom.
  3620 | D:5      | Found a shattered altar of Ashenzari.
  3622 | D:5      | Found an ancient bone altar of Kikubaaqudgha.
  3623 | D:5      | Found a glowing silver altar of Zin.
  3625 | D:5      | Found a burning altar of Makhleb.
  3650 | D:5      | Found a deep blue altar of Sif Muna.
  3650 | D:5      | Found a sacrificial altar of Ru.
  3650 | D:5      | Found an opulent altar of Gozag.
  3672 | D:5      | Reached XP level 8. HP: 68/73 MP: 7/7
  3685 | D:5      | Reached skill level 10 in Axes
  4134 | D:6      | Reached skill level 11 in Axes
  4173 | D:6      | Received a gift from Trog
  4633 | D:6      | Reached skill level 12 in Axes
  4842 | D:7      | Found a blossoming altar of Fedhas.
  4866 | D:7      | Reached XP level 9. HP: 36/81 MP: 8/8
  5331 | D:7      | Reached skill level 13 in Axes
  5439 | D:7      | Received a gift from Trog
  5575 | D:7      | Reached skill level 14 in Axes
  5768 | D:7      | Noticed Menkaure
  5777 | D:7      | Killed Menkaure
  6157 | D:8      | Reached ***** piety under Trog
  6157 | D:8      | Reached skill level 15 in Axes
  6212 | D:8      | Reached XP level 10. HP: 79/88 MP: 9/9
  6274 | D:8      | Got a transparent spear
  6304 | D:8      | Noticed Maurice
  6331 | D:8      | Killed Maurice
  6464 | D:8      | Found a staircase to the Lair.
  6530 | D:8      | Reached skill level 16 in Axes
  6814 | D:8      | Found a hazy altar of Hepliaklqana.
  7101 | D:10     | Entered Level 10 of the Dungeon
  7169 | D:9      | Noticed Pikel
  7183 | D:9      | Killed Pikel
  7183 | D:9      | Reached skill level 17 in Axes
  7224 | D:9      | Found a hide-covered altar of Uskayaw.
  7603 | D:10     | Noticed Fannar
  7603 | D:10     | Noticed Sonja
  7611 | D:10     | Killed Fannar
  7626 | D:10     | Killed Sonja
  7677 | D:10     | Noticed a two-headed ogre
  7692 | D:10     | Killed a two-headed ogre
  7692 | D:10     | Reached XP level 11. HP: 45/94 MP: 3/10
  7989 | D:10     | Identified the +6 spear "Jumy" {speed, rElec Str+4 Int+4} (You found it on level 8 of the Dungeon)
  8093 | D:10     | Noticed a two-headed ogre
  8101 | D:10     | Killed a two-headed ogre
  8101 | D:10     | Reached skill level 18 in Axes
  8328 | D:10     | Received a gift from Trog
  8495 | D:10     | Noticed a two-headed ogre
  8506 | D:10     | Killed a two-headed ogre
  8940 | D:10     | Got a fine scale mail
  8951 | D:10     | Identified the +1 scale mail of the Land of Plenty {Int+4} (You found it on level 10 of the Dungeon)
  9687 | D:11     | Reached skill level 19 in Axes
  9814 | D:11     | Found Bolyesatuf's General Store.
  9821 | D:11     | Bought a potion of invisibility for 104 gold pieces
  9988 | D:11     | Killed an unseen horror
 11067 | D:11     | Reached skill level 20 in Axes
 11134 | D:11     | Noticed a two-headed ogre
 11145 | D:11     | Killed a two-headed ogre
 11563 | D:12     | Found Wyatziy's General Store.
 11567 | D:12     | Bought a scroll of identify for 32 gold pieces
 11569 | D:12     | Noticed Frances
 11580 | D:12     | Killed Frances
 11580 | D:12     | Reached XP level 12. HP: 92/101 MP: 9/11
 11667 | D:12     | Found a staircase to the Orcish Mines.
 11698 | D:12     | Noticed a four-headed hydra
 11713 | D:12     | Killed a four-headed hydra
 12032 | D:12     | Received a gift from Trog
 12092 | D:12     | Bought 17 bolts for 54 gold pieces
 12234 | D:12     | Noticed a two-headed ogre
 12244 | D:12     | Killed a two-headed ogre
 12244 | D:12     | Reached skill level 21 in Axes
 12572 | D:12     | Noticed a two-headed ogre
 12579 | D:12     | Killed a two-headed ogre
 12693 | D:12     | Noticed a two-headed ogre
 12702 | D:12     | Killed a two-headed ogre
 13029 | D:13     | Noticed a two-headed ogre
 13040 | D:13     | Killed a two-headed ogre
 13380 | D:13     | Reached skill level 22 in Axes
 13456 | D:13     | Noticed a two-headed ogre
 13465 | D:13     | Killed a two-headed ogre
 13465 | D:13     | Reached skill level 1 in Crossbows
 13501 | D:13     | Noticed a centaur warrior
 13504 | D:13     | Noticed a two-headed ogre
 13508 | D:13     | Killed a two-headed ogre
 13516 | D:13     | Killed a centaur warrior
 13948 | D:13     | Reached XP level 13. HP: 106/108 MP: 10/12
 14516 | Lair:1   | Entered Level 1 of the Lair of Beasts
 14667 | Lair:1   | Found a glowing golden altar of the Shining One.
 14676 | Lair:1   | Found a dark tunnel.
 14688 | Volcano  | Entered a volcano
 15504 | Lair:1   | Reached skill level 5 in Armour
 15891 | Lair:3   | Found a frozen archway.
 15901 | IceCv    | Entered an ice cave
 16489 | IceCv    | Received a gift from Trog
 16648 | IceCv    | Got a pitted spear
 16795 | Lair:1   | Identified the +8 spear "Sushos" {flame, +Inv} (You found it in an ice cave)
 16842 | Lair:2   | Reached skill level 5 in Crossbows
 16921 | Lair:2   | Reached skill level 10 in Fighting
 17288 | Lair:2   | Found a staircase to the Shoals.
 17296 | Lair:2   | Received a gift from Trog
 17296 | Lair:2   | Reached skill level 23 in Axes
 17382 | Lair:2   | Found a staircase to the Snake Pit.
 17476 | Lair:2   | Noticed Urug
 17492 | Lair:2   | Killed Urug
 18280 | Lair:2   | Found a blossoming altar of Fedhas.
 18442 | Lair:2   | Reached XP level 14. HP: 90/122 MP: 11/13
 19909 | Lair:3   | Identified a scroll of acquirement
 20128 | D:4      | Bought a scroll of acquirement for 520 gold pieces
 20128 | D:4      | Bought a scroll of enchant armour for 75 gold pieces
 20361 | Orc:1    | Entered Level 1 of the Orcish Mines
 20362 | Orc:1    | Found Jaraerr's Distillery.
 20366 | Orc:1    | Received a gift from Trog
 20384 | Orc:1    | Received a gift from Trog
 20461 | Orc:1    | Bought a potion of heal wounds for 75 gold pieces
 20461 | Orc:1    | Bought a potion of haste for 150 gold pieces
 20563 | Orc:2    | Entered Level 2 of the Orcish Mines
 20773 | Orc:2    | Reached ****** piety under Trog
 20810 | Orc:2    | Received a gift from Trog
 21271 | Orc:2    | Found a staircase to the Elven Halls.
 21430 | Orc:1    | Noticed an orc warlord
 21608 | Orc:2    | Found a roughly hewn altar of Beogh.
 21610 | Orc:2    | Noticed an orc warlord
 21623 | Orc:2    | Killed an orc warlord
 21624 | Orc:2    | Found Cufrofae's Antique Weapon Shoppe.
 21877 | Orc:2    | Found Zozuybb's General Store.
 21910 | Orc:2    | Found Ysi Kutz's Book Shoppe.
 21943 | Orc:2    | Found Ygrot's Antique Armour Shoppe.
 21958 | Orc:2    | Bought a pair of embroidered boots for 165 gold pieces
 21997 | Orc:2    | Received a gift from Trog
 22719 | Orc:1    | Killed an orc warlord
 23972 | Lair:5   | Found a runed door.
 23974 | Lair:5   | Found a viscous altar of Jiyva.
 23975 | Lair:5   | Noticed an acid blob
 23976 | Lair:5   | Found a staircase to the Slime Pits.
 23976 | Lair:5   | Noticed an acid blob
 23977 | Lair:5   | Noticed an acid blob
 23977 | Lair:5   | Noticed an acid blob
 24122 | Lair:5   | Received a gift from Trog
 24216 | Lair:5   | Found a bloodstained altar of Trog.
 24286 | Lair:5   | Reached skill level 24 in Axes
 24292 | Lair:5   | Reached XP level 15. HP: 22/130 MP: 5/14
 24870 | Lair:5   | Got a translucent scale mail
 25213 | Lair:6   | Entered Level 6 of the Lair of Beasts
 25478 | Lair:6   | Reached skill level 5 in Dodging
 25625 | Lair:6   | Received a gift from Trog
 26052 | Lair:6   | Reached skill level 10 in Armour
 27194 | Lair:6   | Received a gift from Trog
 27923 | D:14     | Received a gift from Trog
 28456 | D:14     | Reached XP level 16. HP: 141/141 MP: 5/15
 28664 | D:14     | Received a gift from Trog
 28741 | D:14     | Found a gate to the Vaults.
 28938 | D:15     | Entered Level 15 of the Dungeon
 29005 | D:15     | Reached skill level 25 in Axes
 29083 | D:15     | Reached skill level 10 in Crossbows
 29933 | D:15     | Found a staircase to the Depths.
 30354 | Snake:1  | Entered Level 1 of the Snake Pit
 31172 | Snake:1  | Received a gift from Trog
 31909 | Snake:1  | Received a gift from Trog
 32526 | Snake:2  | Received a gift from Trog
 32543 | Snake:2  | Got an ancient battleaxe {god gift}
 32544 | Snake:2  | Identified the +8 battleaxe of Fycainae {chop, rElec rN+} (Trog gifted it to you on level 2 of the Snake Pit)
 33153 | Snake:2  | Reached XP level 17. HP: 76/151 MP: 16/16
 34761 | Snake:3  | Received a gift from Trog
 35769 | Snake:4  | Entered Level 4 of the Snake Pit
 36398 | Snake:4  | Received a gift from Trog
 36573 | Snake:4  | Received a gift from Trog
 36590 | Snake:4  | HP: 7/151 [poisoned by a naga sharpshooter (splash of poison)]
 36595 | Snake:4  | HP: 6/151 [poisoned by a naga sharpshooter (splash of poison)]
 36601 | Snake:4  | HP: 6/151 [poisoned by a naga sharpshooter (splash of poison)]
 36607 | Snake:4  | HP: 7/151 [poisoned by a naga sharpshooter (splash of poison)]
 37417 | Snake:4  | Received a gift from Trog
 37879 | Snake:4  | Noticed Mara
 37882 | Snake:4  | Noticed schauveau's illusion
 37960 | Snake:4  | Killed Mara
 38231 | Snake:4  | Received a gift from Trog
 38233 | Snake:4  | Reached skill level 15 in Crossbows
 38255 | Snake:4  | Received a gift from Trog
 39124 | Snake:4  | Reached XP level 18. HP: 55/159 MP: 17/17
 39844 | Snake:4  | Got a serpentine rune of Zot
 40398 | Vaults:1 | Entered Level 1 of the Vaults
 40880 | Vaults:1 | Received a gift from Trog
 41173 | Vaults:1 | Received a gift from Trog
 41176 | Vaults:1 | Got a fine executioner's axe {god gift}
 41177 | Vaults:1 | Identified the +1 executioner's axe of Trog's Castigation {freeze, rElec MR+} (Trog gifted it to you on level 1 of the Vaults)
 41233 | Vaults:1 | Noticed a Brimstone Fiend
 42671 | Vaults:2 | Received a gift from Trog
 42980 | Vaults:2 | Noticed Bai Suzhen
 43006 | Vaults:2 | Killed Bai Suzhen
 43185 | Vaults:2 | Noticed Aizul
 43213 | Vaults:2 | Killed Aizul
 43358 | Vaults:2 | Received a gift from Trog
 43358 | Vaults:2 | Reached XP level 19. HP: 140/166 MP: 18/18
 43439 | Vaults:2 | Received a gift from Trog
 43874 | Vaults:2 | Received a gift from Trog
 44155 | Vaults:2 | Received a gift from Trog
 44189 | Vaults:2 | HP: 5/167 [two-headed ogre/giant spiked club (10)]
 44823 | Elf:1    | Entered Level 1 of the Elven Halls
 45041 | Elf:1    | Found a deep blue altar of Sif Muna.
 45619 | Elf:1    | Got a clouded bronze amulet
 45628 | Elf:1    | Identified the amulet "Bebuw" {RegenMP rPois rF+ rC+} (You took it off a deep elf demonologist on level 1 of the Elven Halls)
 45638 | Elf:1    | Received a gift from Trog
 45850 | Elf:1    | Received a gift from Trog
 46170 | Elf:1    | Noticed Azrael
 46177 | Elf:1    | Killed Azrael
 46386 | Elf:1    | Noticed Asterion
 46410 | Elf:1    | Killed Asterion
 46813 | Elf:2    | Received a gift from Trog
 47451 | Elf:2    | Found a runed gate.
 47452 | Elf:2    | Found a runed gate.
 47453 | Elf:2    | Found a runed gate.
 47692 | Elf:2    | Noticed Nikola
 47698 | Elf:2    | Noticed Jorgrun
 47698 | Elf:2    | Reached skill level 10 in Dodging
 47699 | Elf:2    | Noticed Louise
 47701 | Elf:2    | Killed Nikola
 47717 | Elf:2    | Killed Jorgrun
 47721 | Elf:2    | Killed Louise
 47786 | Elf:2    | Received a gift from Trog
 47934 | Elf:2    | Received a gift from Trog
 48136 | Elf:2    | Reached XP level 20. HP: 166/176 MP: 19/19
 48262 | Elf:2    | Reached skill level 26 in Axes
 48392 | Elf:2    | Received a gift from Trog
 48898 | Elf:3    | Entered Level 3 of the Elven Halls
 49627 | Elf:3    | Reached skill level 15 in Fighting
 50048 | Elf:3    | Noticed Saint Roka
 50055 | Elf:3    | Killed Saint Roka
 50060 | Elf:3    | Found Kooxzex's Weapon Shoppe.
 50060 | Elf:3    | Found Zimaorez's Food Emporium.
 50086 | Elf:3    | Paralysed by an orc sorcerer for 5 turns
 50093 | Elf:3    | Received a gift from Trog
 50479 | Elf:3    | Cast into level 3 of the Abyss (a deep elf sorcerer)
 50607 | Abyss:3  | Received a gift from Trog
 50641 | Abyss:3  | Gained mutation: Scrolls take you a little longer to read. [a neqoxec]
 50950 | Abyss:3  | Found a corrupted altar of Lugonu.
 50978 | Abyss:3  | Received a gift from Trog
 51096 | Abyss:3  | Lost intelligence.
 51106 | Abyss:3  | Received a gift from Trog
 51140 | Abyss:3  | Found a corrupted altar of Lugonu.
 51146 | Elf:3    | Escaped the Abyss
 51157 | Elf:3    | HP: 1/180 [deep elf sorcerer/warped great sword {speed} (12)]
 51158 | Elf:3    | Received a gift from Trog
 51158 | Elf:3    | Identified the +10 great sword of Painful Death {speed, rElec Stlth+}
 51158 | Elf:3    | Mangled by a deep elf sorcerer

Skill      XL: |  1  2  3  4  5  6  7  8  9 10 11 12 13 14 15 16 17 18 19 20 |
---------------+-------------------------------------------------------------+-----
Axes           | 4 5 6 8 9 12 15 17 20 22 23 24 25 26 | 26.0
Fighting       | 4 5 6 7 8 10 11 12 13 14 15 | 15.9
Crossbows      | 2 5 7 9 11 15 19 20 21 | 21.5
Armour         | 3 7 9 10 12 13 14 | 14.6
Dodging        | 4 7 9 10 | 10.8

Action                   |  1- 3 |  4- 6 |  7- 9 | 10-12 | 13-15 | 16-18 | 19-21 || total
-------------------------+-------+-------+-------+-------+-------+-------+-------++-------
Melee: Hand axe          |    60 |   138 |   392 |       |       |       |       ||   590
       Headbutt          |    10 |    21 |    74 |   109 |   251 |   141 |    90 ||   696
       War axe           |       |       |     2 |   138 |       |       |       ||   140
       Battleaxe         |       |       |       |   363 |  1123 |   561 |   403 ||  2450
       Unarmed           |       |       |       |     1 |       |       |       ||     1
       Spear             |       |       |       |    17 |    35 |       |       ||    52
       Glaive            |       |       |       |       |    10 |       |       ||    10
       Triple crossbow   |       |       |       |       |       |     1 |       ||     1
 Fire: Triple crossbow   |       |       |       |     3 |     5 |   489 |   325 ||   822
Throw: Javelin           |       |       |     2 |       |       |       |       ||     2
Invok: Berserk           |       |     1 |     2 |       |     2 |     3 |     1 ||     9
       Brothers in Arms  |       |       |     2 |     4 |     9 |     7 |     5 ||    27
       Trog's Hand       |       |       |       |     1 |       |       |       ||     1
       Burn Spellbooks   |       |       |       |     1 |     6 |     2 |     2 ||    11
  Use: Scroll            |       |     6 |     1 |    11 |    20 |    10 |     7 ||    55
       Potion            |       |       |       |     1 |     3 |     8 |     3 ||    15
  Eat: Chunk             |       |     6 |     9 |    10 |     9 |     4 |       ||    38
       Fruit             |       |       |     1 |     4 |    10 |    16 |       ||    31
       Bread ration      |       |       |     1 |       |     3 |     4 |     5 ||    13
       Meat ration       |       |       |       |     3 |     3 |     4 |       ||    10
       Royal jelly       |       |       |       |       |     3 |     1 |     1 ||     5
Armor: Animal skin       |     5 |       |       |       |       |       |       ||     5
       Leather armour    |     3 |       |       |       |       |       |       ||     3
       Ring mail         |     7 |     7 |       |       |       |       |       ||    14
       Chain mail        |       |    22 |       |       |   263 |       |       ||   285
       Plate armour      |       |    34 |   256 |   174 |    82 |       |       ||   546
       Scale mail        |       |       |       |    84 |       |       |       ||    84
       Crystal plate arm |       |       |       |       |   735 |   880 |   530 ||  2145
Dodge: Dodged            |    37 |    55 |   131 |   207 |   495 |   398 |   380 ||  1703
Block: Other             |       |       |       |       |       |    78 |    12 ||    90
       Reflection        |       |       |       |       |       |    15 |     2 ||    17
